PCL
VANCOUVER VIPERS @ SANTA MONICA BRUINS
06/14/2023
 
TOP OF THE 1ST
Vancouver Vipers batting - Pitching for Santa Monica Bruins : RHP Sloan Otto
Pitching: RHP Sloan Otto
Batting: LHB Marcos Cantú 0-0: Ball
1-0: Ball
2-0: SINGLE (Flyball, 7S)
Batting: LHB Mike Williams 0-0: Fly out, F8 (Popup, 8LS)
Batting: SHB Henry Copeland 0-0: Called Strike
0-1: Ball
1-1: Ball
2-1: Foul Ball, location: 2F
2-2: Ball
3-2: Base on Balls
Marcos Cantú to second
Batting: RHB Arthur Dumais 0-0: Ball
1-0: Ball
2-0: Fly out, F6 (Popup, 5DF)
Batting: RHB Kenneth Corbitt 0-0: Ball
1-0: Called Strike
1-1: Swinging Strike
1-2: Strikes out looking
Top of the 1st over - 0 run(s), 1 hit(s), 0 error(s), 2 left on base; Vancouver 0 - Santa Monica 0
BOTTOM OF THE 1ST
Santa Monica Bruins batting - Pitching for Vancouver Vipers : LHP Ben Moody
Pitching: LHP Ben Moody
Batting: RHB Kuniaki Kawashima 0-0: SINGLE (Groundball, 6MD)
Batting: RHB Lorenzo Martínez 0-0: Foul Ball, location: 2F
0-1: Swinging Strike
0-2: Strikes out looking
Batting: RHB Motoshige Yagi 0-0: Called Strike
0-1: Ball
1-1: Called Strike
1-2: Foul Ball, location: 2F
1-2: Foul Ball, location: 2F
1-2: Strikes out swinging
Batting: LHB Patrick Osborne 0-0: Called Strike
0-1: Ground out 4-3 (Groundball, 4)
Bottom of the 1st over - 0 run(s), 1 hit(s), 0 error(s), 1 left on base; Vancouver 0 - Santa Monica 0
TOP OF THE 2ND
Vancouver Vipers batting - Pitching for Santa Monica Bruins : RHP Sloan Otto
Batting: LHB Ray Spencer 0-0: SINGLE (Groundball, 34)
Batting: LHB Javier Matos 0-0: Called Strike
0-1: Ball
1-1: Called Strike
1-2: Fly out, F3 (Line Drive, 3S)
Batting: RHB Tomás Estrada 0-0: Swinging Strike
0-1: Ball
1-1: Swinging Strike
1-2: SINGLE (Line Drive, 4D)
Ray Spencer to second
Batting: RHB Cristo Gilera 0-0: DOUBLE (Line Drive, 7LD)
Ray Spencer scores
Tomás Estrada to third
Runner from 3rd tries for Home, SAFE, no throw or cutoff
Batting: LHB Marcos Cantú 0-0: Foul Ball, location: 2F
0-1: Ball
Wild Pitch!
Cristo Gilera to third
1-1: Ball
2-1: Ball
3-1: Called Strike
3-2: Base on Balls
Batting: LHB Mike Williams 0-0: Ball
1-0: Called Strike
1-1: Ball
2-1: Foul Ball, location: 2F
2-2: Ball
3-2: Foul Ball, location: 2F
3-2: Foul Ball, location: 2F
3-2: Foul Ball, location: 2F
3-2: Strikes out swinging
Batting: SHB Henry Copeland 0-0: Ball
1-0: Ball
2-0: Called Strike
2-1: Ball
3-1: Foul Ball, location: 2F
3-2: Strikes out swinging
Top of the 2nd over - 2 run(s), 3 hit(s), 0 error(s), 2 left on base; Vancouver 2 - Santa Monica 0
BOTTOM OF THE 2ND
Santa Monica Bruins batting - Pitching for Vancouver Vipers : LHP Ben Moody
Batting: RHB Mario Martínez 0-0: Ball
1-0: Ball
2-0: Called Strike
2-1: Ball
3-1: Foul Ball, location: 2F
3-2: Fly out, F7 (Line Drive, 7S)
Batting: LHB Matsusuke Yamasaki 0-0: Ball
1-0: Ground out 4-3 (Groundball, 4)
Batting: LHB Cade Delaney 0-0: Foul Ball, location: 2F
0-1: Ball
1-1: Swinging Strike
1-2: Strikes out swinging
Bottom of the 2nd over - 0 run(s), 0 hit(s), 0 error(s), 0 left on base; Vancouver 2 - Santa Monica 0
TOP OF THE 3RD
Vancouver Vipers batting - Pitching for Santa Monica Bruins : RHP Sloan Otto
Batting: RHB Arthur Dumais 0-0: Called Strike
0-1: Ball
1-1: Swinging Strike
1-2: Strikes out swinging
Batting: RHB Kenneth Corbitt 0-0: Called Strike
0-1: Foul Ball, location: 2F
0-2: Foul Ball, location: 2F
0-2: Strikes out swinging
Batting: LHB Ray Spencer 0-0: Called Strike
0-1: Ball
1-1: Ball
2-1: Ball
3-1: Ground out 4-3 (Groundball, 4MS)
Top of the 3rd over - 0 run(s), 0 hit(s), 0 error(s), 0 left on base; Vancouver 2 - Santa Monica 0
BOTTOM OF THE 3RD
Santa Monica Bruins batting - Pitching for Vancouver Vipers : LHP Ben Moody
Batting: RHB Grant Jenkins 0-0: Called Strike
0-1: Ball
1-1: Swinging Strike
1-2: Ball
2-2: Foul Ball, location: 2F
2-2: Strikes out swinging
Batting: RHB Juan Acuña 0-0: Called Strike
0-1: Called Strike
0-2: Ball
1-2: Ground out 4-3 (Groundball, 34)
Batting: RHB Kuniaki Kawashima 0-0: Foul Ball, location: 2F
0-1: Ball
1-1: Swinging Strike
1-2: Ball
2-2: Strikes out swinging
Bottom of the 3rd over - 0 run(s), 0 hit(s), 0 error(s), 0 left on base; Vancouver 2 - Santa Monica 0
TOP OF THE 4TH
Vancouver Vipers batting - Pitching for Santa Monica Bruins : RHP Sloan Otto
Batting: LHB Javier Matos 0-0: Foul Ball, location: 2F
0-1: Ball
1-1: Foul Ball, location: 2F
1-2: Strikes out swinging
Batting: RHB Tomás Estrada 0-0: Called Strike
0-1: Ball
1-1: DOUBLE (Groundball, 3L)
Batting: RHB Cristo Gilera 0-0: Ground out 1-3 (Groundball, 13)
Tomás Estrada to third
Batting: LHB Marcos Cantú 0-0: Ground out U3 (Groundball, 3S)
Top of the 4th over - 0 run(s), 1 hit(s), 0 error(s), 1 left on base; Vancouver 2 - Santa Monica 0
BOTTOM OF THE 4TH
Santa Monica Bruins batting - Pitching for Vancouver Vipers : LHP Ben Moody
Batting: RHB Lorenzo Martínez 0-0: Ball
1-0: Ball
2-0: Ball
3-0: Called Strike
3-1: Called Strike
3-2: Ground out 6-3 (Groundball, 6M)
Batting: RHB Motoshige Yagi 0-0: Ball
1-0: Ball
2-0: Ball
3-0: Called Strike
3-1: SINGLE (Flyball, 6MD)
Batting: LHB Patrick Osborne 0-0: Ball
1-0: Swinging Strike
1-1: Ball
2-1: Foul Ball, location: 2F
2-2: Ball
3-2: Foul Ball, location: 2F
3-2: Foul Ball, location: 2F
3-2: Base on Balls
Motoshige Yagi to second
Batting: RHB Mario Martínez 0-0: Called Strike
0-1: DOUBLE (Line Drive, 7LS)
Motoshige Yagi scores
Patrick Osborne to third
Batting: LHB Matsusuke Yamasaki 0-0: Called Strike
0-1: Called Strike
0-2: Foul Ball, location: 2F
0-2: Foul Ball, location: 2F
0-2: Foul Ball, location: 2F
0-2: Ball
1-2: Ball
2-2: Ball
3-2: Foul Ball, location: 2F
3-2: Foul Ball, location: 2F
3-2: Foul Ball, location: 2F
3-2: Strikes out swinging
Batting: LHB Cade Delaney 0-0: Foul Ball, location: 2F
0-1: Ball
1-1: Called Strike
1-2: SINGLE (Flyball, 8LS)
Patrick Osborne scores
Mario Martínez to third
Runner from 3rd tries for Home, SAFE, no throw or cutoff
Batting: RHB Grant Jenkins Pickoff Throw to First - Out!
Bottom of the 4th over - 3 run(s), 3 hit(s), 0 error(s), 0 left on base; Vancouver 2 - Santa Monica 3
TOP OF THE 5TH
Vancouver Vipers batting - Pitching for Santa Monica Bruins : RHP Sloan Otto
Batting: LHB Mike Williams 0-0: Swinging Strike
0-1: Foul Ball, location: 2F
0-2: Ball
1-2: SINGLE (Groundball, 34)
Batting: SHB Henry Copeland 0-0: Foul Ball, location: 2F
0-1: Ball
Throwing error on steal attempt, E2
Mike Williams to third
1-1: Swinging Strike
1-2: Ball
2-2: Strikes out looking
Batting: RHB Arthur Dumais 0-0: Ball
1-0: Ball
2-0: Fly out, F3 (Popup, 13)
Batting: RHB Kenneth Corbitt 0-0: Ball
1-0: Foul Ball, location: 2F
1-1: Swinging Strike
1-2: Ball
2-2: Foul Ball, location: 2F
2-2: Ground out 5-3 (Groundball, 5)
Top of the 5th over - 0 run(s), 1 hit(s), 1 error(s), 1 left on base; Vancouver 2 - Santa Monica 3
BOTTOM OF THE 5TH
Santa Monica Bruins batting - Pitching for Vancouver Vipers : LHP Ben Moody
Batting: RHB Grant Jenkins 0-0: Ball
1-0: Foul Ball, location: 2F
1-1: Called Strike
1-2: Ball
2-2: Ball
3-2: Base on Balls
Batting: RHB Juan Acuña 0-0: Ball
1-0: Grounds into double play, 6-4-3 (Groundball, 6)
Batting: RHB Kuniaki Kawashima 0-0: Swinging Strike
0-1: Called Strike
0-2: Ball
1-2: Foul Ball, location: 2F
1-2: Ball
2-2: Ball
3-2: Strikes out looking
Bottom of the 5th over - 0 run(s), 0 hit(s), 0 error(s), 0 left on base; Vancouver 2 - Santa Monica 3
TOP OF THE 6TH
Vancouver Vipers batting - Pitching for Santa Monica Bruins : RHP Sloan Otto
Batting: LHB Ray Spencer 0-0: Ball
1-0: Ball
2-0: Ball
3-0: Called Strike
3-1: Called Strike
3-2: Base on Balls
Batting: LHB Javier Matos 0-0: Ball
1-0: Grounds into double play, 4-6-3 (Groundball, 4)
Batting: RHB Tomás Estrada 0-0: Ball
1-0: Called Strike
1-1: Ball
2-1: Foul Ball, location: 2F
2-2: Foul Ball, location: 2F
2-2: Fly out, F8 (Flyball, 89M)
Top of the 6th over - 0 run(s), 0 hit(s), 0 error(s), 0 left on base; Vancouver 2 - Santa Monica 3
BOTTOM OF THE 6TH
Santa Monica Bruins batting - Pitching for Vancouver Vipers : LHP Ben Moody
Batting: RHB Lorenzo Martínez 0-0: Foul Ball, location: 2F
0-1: Foul Ball, location: 2F
0-2: Foul Ball, location: 2F
0-2: Ball
1-2: Ball
2-2: Ball
3-2: DOUBLE (Line Drive, 3D)
Batting: RHB Motoshige Yagi 0-0: Intentional Walk
Pitching: LHP Malcolm Moore
Batting: LHB Patrick Osborne 0-0: Called Strike
0-1: Ball
1-1: Swinging Strike
1-2: Strikes out swinging
Batting: RHB Mario Martínez 0-0: Foul Ball, location: 2F
0-1: Called Strike
0-2: Foul Ball, location: 2F
0-2: Ball
1-2: Grounds into double play, U6-3 (Groundball, 6M)
Bottom of the 6th over - 0 run(s), 1 hit(s), 0 error(s), 1 left on base; Vancouver 2 - Santa Monica 3
TOP OF THE 7TH
Vancouver Vipers batting - Pitching for Santa Monica Bruins : RHP Sloan Otto
Pitching: RHP Javier Correa
Batting: RHB Cristo Gilera 0-0: Ball
1-0: Ground out 4-3 (Groundball, 4)
Batting: LHB Marcos Cantú 0-0: Ball
1-0: Foul Ball, location: 2F
1-1: Ground out 4-3 (Groundball, 4)
Batting: LHB Mike Williams 0-0: Called Strike
0-1: Ball
1-1: Ball
2-1: Ball
3-1: Base on Balls
Pinch Hitting: RHB Howard Lane 0-0: Foul Ball, location: 2F
0-1: Fly out, F7 (Flyball, 7D)
Top of the 7th over - 0 run(s), 0 hit(s), 0 error(s), 1 left on base; Vancouver 2 - Santa Monica 3
BOTTOM OF THE 7TH
Santa Monica Bruins batting - Pitching for Vancouver Vipers : LHP Malcolm Moore
Now at 1B: Howard Lane
Batting: LHB Matsusuke Yamasaki 0-0: Ball
1-0: Fly out, F8 (Flyball, 8RD)
Batting: LHB Cade Delaney 0-0: Ground out 6-3 (Groundball, 6MS)
Batting: RHB Grant Jenkins 0-0: Ground out 5-3 (Groundball, 5S)
Bottom of the 7th over - 0 run(s), 0 hit(s), 0 error(s), 0 left on base; Vancouver 2 - Santa Monica 3
TOP OF THE 8TH
Vancouver Vipers batting - Pitching for Santa Monica Bruins : RHP Javier Correa
Pitching: RHP Estefan Jiménez
Batting: RHB Arthur Dumais 0-0: Ball
1-0: Foul Ball, location: 2F
1-1: Ball
2-1: Swinging Strike
2-2: Ball
3-2: Foul Ball, location: 2F
3-2: Foul Ball, location: 2F
3-2: Fly out, F8 (Flyball, 78D)
Batting: RHB Kenneth Corbitt 0-0: Ball
1-0: Ball
2-0: Called Strike
2-1: Ball
3-1: Foul Ball, location: 2F
3-2: Fly out, F4 (Popup, 4)
Pitching: LHP Manuel Alfonso
Batting: LHB Ray Spencer 0-0: Fly out, F9 (Line Drive, 9S)
Top of the 8th over - 0 run(s), 0 hit(s), 0 error(s), 0 left on base; Vancouver 2 - Santa Monica 3
BOTTOM OF THE 8TH
Santa Monica Bruins batting - Pitching for Vancouver Vipers : LHP Malcolm Moore
Pitching: LHP Jeff Catron
Batting: RHB Juan Acuña 0-0: Ball
1-0: Called Strike
1-1: Foul Ball, location: 2F
1-2: Strikes out swinging passed ball, reaches first!
Batting: RHB Kuniaki Kawashima 0-0: Ball
1-0: Sac Bunt - play at second, runner OUT! 1-6
Batting: RHB Lorenzo Martínez 0-0: Called Strike
0-1: Ball
1-1: Ball
2-1: Called Strike
2-2: Strikes out looking
Batting: RHB Motoshige Yagi 0-0: Called Strike
0-1: Ball
1-1: Ball
2-1: Ball
Kuniaki Kawashima steals 2nd base
3-1: Base on Balls
Batting: LHB Patrick Osborne 0-0: Called Strike
0-1: Swinging Strike
0-2: Strikes out swinging
Bottom of the 8th over - 0 run(s), 0 hit(s), 0 error(s), 2 left on base; Vancouver 2 - Santa Monica 3
TOP OF THE 9TH
Vancouver Vipers batting - Pitching for Santa Monica Bruins : LHP Manuel Alfonso
Pitching: RHP Manuel López
Now at 1B: Bill Savage
Pinch Hitting: RHB Dan Tyler 0-0: Ball
1-0: Ball
2-0: Fly out, F9 (Flyball, 9S)
Batting: RHB Tomás Estrada 0-0: SINGLE (Line Drive, 56D)
Pinch Hitting: RHB Guillermo Sánchez 0-0: Called Strike
0-1: SINGLE (Groundball, 56D)
Tomás Estrada to second
Batting: LHB Marcos Cantú 0-0: Ball
Passed Ball!
Tomás Estrada to third
Guillermo Sánchez to second
1-0: Swinging Strike
1-1: Ball
2-1: Ball
3-1: Base on Balls
Batting: LHB Mike Williams 0-0: Called Strike
0-1: Fly out, F7 (Flyball, 78M)
Runner from 3rd tags up, SCORES, no throw
Batting: RHB Howard Lane 0-0: Fly out, F9 (Flyball, 89M)
Top of the 9th over - 1 run(s), 2 hit(s), 0 error(s), 2 left on base; Vancouver 3 - Santa Monica 3
BOTTOM OF THE 9TH
Santa Monica Bruins batting - Pitching for Vancouver Vipers : LHP Jeff Catron
Now at C: Xavier Feliciano
Now at SS: Richard Bowman
Batting: RHB Mario Martínez 0-0: Called Strike
0-1: Ball
1-1: Ball
2-1: Ball
3-1: Called Strike
3-2: Base on Balls
Batting: LHB Matsusuke Yamasaki 0-0: Bunt missed!
0-1: Ball
1-1: Sac Bunt - play at first, batter OUT! 1-4
Mario Martínez to second
Pinch Hitting: RHB Pablo Peña 0-0: Intentional Walk
Batting: RHB Grant Jenkins 0-0: Ball
1-0: Foul Ball, location: 2F
1-1: Swinging Strike
1-2: Foul Ball, location: 2F
1-2: Ball
2-2: Ball
3-2: Strikes out swinging
Pitching: LHP Bill Wilson
Batting: RHB Juan Acuña 0-0: Ball
1-0: Ball
2-0: Ball
3-0: Called Strike
3-1: Base on Balls
Mario Martínez to third
Pablo Peña to second
Batting: RHB Kuniaki Kawashima 0-0: Fly out, F6 (Line Drive, 6)
Bottom of the 9th over - 0 run(s), 0 hit(s), 0 error(s), 3 left on base; Vancouver 3 - Santa Monica 3
TOP OF THE 10TH
Vancouver Vipers batting - Pitching for Santa Monica Bruins : RHP Manuel López
Now in LF: Alonso Sánchez
Batting: RHB Arthur Dumais 0-0: Called Strike
0-1: Ball
1-1: Fly out, F9 (Flyball, 89XD)
Pinch Hitting: RHB Pedro Fuentes 0-0: Foul Ball, location: 2F
0-1: Ball
1-1: SINGLE (Line Drive, 89S)
Pinch Runner at 1st Anastasio Ortíz:
Batting: LHB Ray Spencer 0-0: Called Strike
0-1: SINGLE (Groundball, 34D)
Anastasio Ortíz to second
Runner from 2nd tries for 3rd, SAFE, throw made to third
Batting: RHB Xavier Feliciano 0-0: Ball
1-0: Ball
2-0: Ball
3-0: Called Strike
3-1: Bunted foul
3-2: DOUBLE (Line Drive, 89XD)
Anastasio Ortíz scores
Ray Spencer to third
Pitching: RHP Didyu Ghosh
Batting: RHB Tomás Estrada 0-0: Ball
1-0: Swinging Strike
1-1: Swinging Strike
1-2: Ball
2-2: Ball
3-2: Ground out 6-3 (Groundball, 6)
Batting: SHB Richard Bowman 0-0: Called Strike
0-1: Called Strike
0-2: Strikes out looking
Top of the 10th over - 1 run(s), 3 hit(s), 0 error(s), 2 left on base; Vancouver 4 - Santa Monica 3
BOTTOM OF THE 10TH
Santa Monica Bruins batting - Pitching for Vancouver Vipers : LHP Francisco Flores
Pitching: LHP Francisco Flores
Now at 2B: Kel Pierce
Batting: RHB Lorenzo Martínez 0-0: SINGLE (Popup, 8RS)
Pitching: RHP José García
Pinch Hitting: LHB Germán Charfauros 0-0: 2-RUN HOME RUN (Flyball, 89XD), Distance : 400 ft
This league is powered by Out of the Park Baseball, the baseball management simulation game for PC, Mac and Linux
Wednesday, December 2nd, 2015 - OOTP Baseball 16.8 Build 38